 Dungeon Crawl Stone Soup version 0.30-a0-862-g1aabd4f9c5 (webtiles) character file.

Game seed: 6607000466061281165

903 FexLirch the Sneak (level 8, -1/41 HPs)
             Began as a Kobold Enchanter on Mar 8, 2023.
             Was an Initiate of Cheibriados.
             Slain by an orc warrior
             ... wielding a +0 trident
              (16 damage)
             ... on level 6 of the Dungeon.
             The game lasted 00:22:00 (6386 turns).

FexLirch the Sneak (Kobold Enchanter)               Turns: 6386, Time: 00:22:01

Health: -1/41      AC:  4    Str: 12    XL:     8   Next: 28%
Magic:  10/14      EV: 15    Int: 17    God:    Cheibriados [......]
Gold:   253        SH:  5    Dex: 19    Spells: 1/15 levels left

rFire   . . .      SeeInvis .    E - +5 short sword (venom)
rCold   . . .      Faith    .    (no shield)
rNeg    . . .      Spirit   .    b - +0 robe
rPois   .          Reflect  +    (no helmet)
rElec   .          Rampage  .    H - +0 cloak
rCorr   +                        (no gloves)
Will    .....                    s - +0 pair of boots
Stlth   +++++                    h - amulet of reflection
HPRegen 0.26/turn                l - +6 ring of strength
MPRegen 0.14/turn                r - ring of resist corrosion

@: very slow
A: small, no large weapons, nightstalker 3
a: Renounce Religion


You were on level 6 of the Dungeon.
You worshipped Cheibriados.
Cheibriados was noncommittal.
You visited 2 branches of the dungeon, and saw 7 of its levels.

You collected 253 gold pieces.

Inventory:

Hand Weapons
 a - a +1 dagger
 w - a +0 sling
 z - a +1 whip of electrocution
 E - a +5 short sword of venom (weapon)
Missiles
 e - 53 stones
 t - 7 boomerangs
Armour
 b - a +0 robe (worn)
 s - a +0 pair of boots (worn)
 H - a +0 cloak (worn)
Jewellery
 h - an amulet of reflection (around neck)
 l - a +6 ring of strength (left hand)
 n - a ring of flight
 r - a ring of resist corrosion (right hand)
 x - a +6 ring of strength
 F - a +6 ring of intelligence
Wands
 C - a wand of polymorph (10)
Scrolls
 c - a scroll of amnesia {unknown}
 d - 8 scrolls of teleportation {unknown}
 f - 5 scrolls of vulnerability
 i - 2 scrolls of enchant weapon {unknown}
 j - a scroll of acquirement {unknown}
 k - 3 scrolls of immolation {unknown}
 p - a scroll of poison {unknown}
 q - 4 scrolls of enchant armour {unknown}
 u - a scroll of magic mapping {unknown}
 v - 3 scrolls of identify {unknown}
 y - a scroll of noise {unknown}
 I - a scroll of fog {unknown}
Potions
 g - 2 potions of attraction {unknown}
 m - a potion of degeneration {unknown}
 o - 3 potions of flight {unknown}
 A - a potion of mutation {unknown}
 B - a potion of heal wounds {unknown}
 D - 2 potions of might {unknown}
 G - 3 potions of curing
 J - a potion of brilliance {unknown}


   Skills:
 + Level 5.1 Short Blades
 - Level 0.8 Maces & Flails
 - Level 2.4 Dodging
 + Level 6.8 Stealth
 + Level 4.3 Spellcasting
 + Level 5.0 Hexes
 + Level 2.5 Translocations
 + Level 1.2 Transmutations
 - Level 2.0 Ice Magic


You had one spell level left.
You knew the following spells:

 Your Spells              Type           Power      Damage    Failure   Level
a - Ensorcelled Hibernat  Hex/Ice        30%        N/A       5%          2
b - Confusing Touch       Hex            20%        N/A       6%          3
c - Blink                 Tloc           24%        N/A       8%          2
d - Tukima's Dance        Hex            20%        N/A       6%          3
e - Lesser Beckoning      Tloc           24%        N/A       8%          2
f - Wereblood             Tmut           7%         N/A       14%         2

Your spell library contained the following spells:

 Spells                   Type           Power      Damage    Failure   Level
 Apportation              Tloc           24%        N/A       5%          1
 Beastly Appendage        Tmut           14%        N/A       10%         1
 Magic Dart               Conj           12%        1d3       16%         1
 Necrotise                Necr           12%        1d4       16%         1
 Shock                    Conj/Air       12%        1d3       16%         1
 Summon Small Mammal      Summ           12%        N/A       16%         1
 Momentum Strike          Conj/Tloc      16%        3d8       14%         2
 Dazzling Flash           Conj/Hex       24%        N/A       16%         3
 Spider Form              Tmut/Pois      5%         N/A       34%         3
 Stone Arrow              Conj/Erth      6%         3d7       41%         3
 Swiftness                Air            3%         N/A       41%         3
 Airstrike                Air            1%         2d(1-17)  83%         4


Dungeon Overview and Level Annotations

Branches:
Dungeon (6/15)             Temple (1/1) D:5

Altars:
Ashenzari
Cheibriados
Dithmenos
Fedhas
Gozag
Hepliaklqana
Kikubaaqudgha
Makhleb
Nemelex Xobeh
Okawaru
Qazlal
Ru
Uskayaw
Wu Jian
Xom
Yredelemnul
The Shining One


Innate Abilities, Weirdness & Mutations

You are small and have problems with some larger weapons.
You are completely attuned to the shadows.


Message History

Aiming: Tukima's Dance (dangerous; 6% risk of failure)
Press: ? - help, Shift-Dir - straight line, f - orc warrior
Aim: an orc warrior, wielding a +0 trident and wearing a +0 chain mail (chance to affect: 52%)
The orc warrior resists with significant effort.
The orc wizard barely misses you.
The orc priest mumbles some strange prayers to Beogh against you.
Beogh smites you!
The orc warrior hits you from afar with a +0 trident!
Casting: Tukima's Dance (dangerous; 6% risk of failure)
Confirm with . or Enter, or press ? or * to list all spells.
Aiming: Tukima's Dance (dangerous; 6% risk of failure)
Press: ? - help, Shift-Dir - straight line, f/p - orc warrior
Aim: an orc warrior, wielding a +0 trident and wearing a +0 chain mail (chance to affect: 52%)
Okay, then.
Unknown command.
Casting: Tukima's Dance (dangerous; 6% risk of failure)
Confirm with . or Enter, or press ? or * to list all spells.
You blink.
The orc warrior hits you from afar with a +0 trident!
Okay, then.
Unknown command.
Casting: Blink (safe; 8% risk of failure)
Confirm with . or Enter, or press ? or * to list all spells.
Okay, then.
Okay, then.
Unknown command.
Okay, then.
Unknown command.
Casting: Blink (safe; 8% risk of failure)
Confirm with . or Enter, or press ? or * to list all spells.
Aiming: Ensorcelled Hibernation (safe; 5% risk of failure)
Press: ? - help, Shift-Dir - straight line, f - orc priest, p - orc warrior
Aim: an orc priest, wielding a +0 whip (chance to affect: 49%)
Okay, then.
Unknown command.
Found 13 gold pieces.
You feel stable enough to blink again.
The orc priest begins to cast a cantrip, but forgets the words!
The orc warrior hits you from afar with a +0 trident!
You die...

.....#..##....
.....#..# ...
.....+...#....
.....#...#.....
.....#...#.....+...#
.....#...#.....#..$
.....#...'.....#..#
.....#...#.....#..##
###'##..##'#####@..+
....##..##....##...#
...............oo.##
...............o..#
##+###....ยง.........
#.......!......
........##..##
..##....# ..# ..
#....# .#


You could see an orc warrior, an orc priest and an orc wizard.

Vanquished Creatures
  An ice beast (D:3)
  2 phantoms (D:5)
  Blork the orc (D:4)
  3 scorpions
  Crazy Yiuf (D:4)
  A jelly (D:5)
  2 orc priests (D:4)
  Ijyb (D:4)
  2 iguanas (D:5)
  An orc wizard (D:3)
  Natasha (twice) (D:3)
  5 adders
  A white imp (D:5)
  2 worms
  15 orcs
  5 ball pythons
  5 bats
  5 endoplasms
  4 giant cockroaches
  9 goblins
  10 hobgoblins
  2 jackals (D:1)
  2 quokkas (D:1)
  3 frilled lizards
  11 kobolds
  4 rats
100 creatures vanquished.

Vanquished Creatures (others)
  A plant (D:4)
1 creature vanquished.

Grand Total: 101 creatures vanquished

Notes
Turn   | Place    | Note
-------+----------+-------------------------------------------
     0 | D:1      | FexLirch the Kobold Enchanter began the quest for the Orb.
     0 | D:1      | Reached XP level 1. HP: 10/10 MP: 3/3
   201 | D:1      | Reached XP level 2. HP: 15/15 MP: 5/5
   447 | D:1      | Learned a level 2 spell: Ensorcelled Hibernation
   650 | D:1      | Reached XP level 3. HP: 19/19 MP: 3/6
  1428 | D:2      | Found an ancient bone altar of Kikubaaqudgha.
  1440 | D:2      | Learned a level 3 spell: Confusing Touch
  1443 | D:2      | Learned a level 2 spell: Blink
  1892 | D:2      | Reached XP level 4. HP: 24/24 MP: 8/8
  2144 | D:3      | Noticed an ice beast
  2157 | D:3      | HP: 1/24 [ice beast (11)]
  2361 | D:3      | Reached skill level 1 in Ice Magic
  2666 | D:3      | Got the Incunabulum of Bruises
  2793 | D:3      | Killed an ice beast
  2794 | D:3      | Reached skill level 5 in Stealth
  2794 | D:3      | Reached XP level 5. HP: 28/28 MP: 6/9
  2951 | D:3      | HP: 1/28 [orc wizard/+0 dagger (2)]
  3252 | D:3      | Reached XP level 6. HP: 32/32 MP: 10/10
  3486 | D:3      | Noticed Natasha
  3489 | D:3      | Killed Natasha
  3644 | D:3      | Noticed Natasha
  3654 | D:3      | Killed Natasha
  4081 | D:4      | Noticed Ijyb
  4085 | D:4      | Killed Ijyb
  4086 | D:4      | Reached skill level 1 in Translocations
  4124 | D:4      | Reached XP level 7. HP: 33/36 MP: 5/12
  4128 | D:4      | Learned a level 3 spell: Tukima's Dance
  4131 | D:4      | Learned a level 2 spell: Lesser Beckoning
  4286 | D:4      | Noticed Blork the orc
  4294 | D:4      | Killed Blork the orc
  4295 | D:4      | Reached skill level 6 in Stealth
  4568 | D:5      | Entered Level 5 of the Dungeon
  4642 | D:4      | Found a runed translucent door.
  4645 | D:4      | Noticed Crazy Yiuf
  4952 | D:4      | Killed Crazy Yiuf
  5059 | D:5      | Learned a level 2 spell: Wereblood
  5212 | D:5      | Reached XP level 8. HP: 35/41 MP: 11/14
  5352 | D:5      | Found a staircase to the Ecumenical Temple.
  5369 | Temple   | Entered the Ecumenical Temple
  5502 | Temple   | Became a worshipper of Cheibriados the Contemplative
  5679 | D:5      | Reached skill level 5 in Short Blades
  5679 | D:5      | Reached skill level 1 in Transmutations
  6241 | D:6      | Reached skill level 5 in Hexes
  6386 | D:6      | Slain by an orc warrior

Illustrated notes

Levels and vault maps discovered:
D:1:      nagdon_arrival_double_spiral, layout_basic, hangedman_decor_slide_cut
D:2:      layout_rooms, basic_altar
D:3:      layout_loops_corners, uniq_natasha
D:4:      layout_loops_ring, serial_bayou_crossing, uniq_ijyb,
          uniq_blork_the_orc, uniq_crazy_yiuf_cottage
D:5:      layout_basic, minmay_temple_entry_fiery
D:6:      layout_gridville, minmay_fire_ice_demons, uniq_maggie
Temple:   nicolae_temple_bog_church

Skill      XL: |  1  2  3  4  5  6  7  8 |
---------------+-------------------------+-----
Short Blades   | 2 3 4 5 |  5.1
Ice Magic      | 1 2 |  2.0
Stealth        | 5 6 |  6.8
Spellcasting   | 3 4 |  4.3
Hexes          | 4 5 |  5.0
Translocations | 1 2 |  2.5
Transmutations | 1 |  1.2
Maces & Flails | |  0.8
Dodging        | |  2.4

Action                     |  1- 3 |  4- 6 |  7- 9 || total
---------------------------+-------+-------+-------++-------
  Melee: Dagger            |    88 |    86 |    11 ||   185
         Punch             |     2 |     1 |       ||     3
         Whip              |       |    12 |       ||    12
         Short sword       |       |       |    30 ||    30
   Fire: Sling             |       |     1 |       ||     1
  Throw: Stone             |     7 |       |       ||     7
         Boomerang         |       |     3 |       ||     3
   Cast: Ensorcelled Hiber |     8 |    29 |     9 ||    46
         Confusing Touch   |       |     2 |     2 ||     4
         Blink             |       |     4 |     4 ||     8
         Tukima's Dance    |       |       |     1 ||     1
    Use: Potion            |       |     1 |     3 ||     4
         Scroll            |       |       |     1 ||     1
   Stab: Sleeping          |    25 |    26 |    13 ||    64
         Confused          |       |     2 |     1 ||     3
         Distracted        |       |     1 |       ||     1
 Armour: Robe              |     6 |     9 |     7 ||    22
  Dodge: Dodged            |    48 |    45 |    18 ||   111
  Block: Other             |       |       |     1 ||     1

Table legend: (Time is in decaauts)
 A = Elapsed time spent in this place.
 B = Non-inter-level travel time spent in this place.
 C = Inter-level travel time spent in this place.
 D = Time resting spent in this place.
 E = Time spent auto-exploring this place.
 F = Levels seen in this place.
 G = Mean time per level.
                   A        B        C        D        E       F      G
               +--------+--------+--------+--------+--------+-----+--------+
         Total |   6598 |   6272 |    326 |    232 |   4949 |   7 |  942.6 |
       Dungeon |   6437 |   6136 |    301 |    232 |   4838 |   6 | 1072.8 |
        Temple |    161 |    136 |     25 |      0 |    110 |   1 |  161.0 |
               +--------+--------+--------+--------+--------+-----+--------+

Top non-repeatable levels by time:
     D:3: 1451 daAuts
     D:1: 1389 daAuts
     D:5: 1253 daAuts
     D:4: 1253 daAuts
     D:2: 900 daAuts
     D:6: 189 daAuts
  Temple: 161 daAuts
